[Event "Titled Tuesday Blitz August 02 Early 2022"]
[White "Papasimakopoulos, Alexandros"]
[Black "Aaditya Dhingra"]
[WhiteFideId "4244125"]
[BlackFideId "25678191"]
[WhiteElo "2340"]
[BlackElo "1849"]
[Result "1/2-1/2"]
[Round "09"]
[TimeControl "180+1"]
[Date "2022.08.02"]
[WhiteClock "0:01:44"]
[BlackClock "0:00:19"]

1. d4 Nf6 2. c4 e6 3. Nc3 Bb4 4. Qc2 b6 5. a3 Bxc3+ 6. Qxc3 Bb7 7. f3 c5 8. dxc5 bxc5 9. Bg5 O-O 10. Rd1 d5 11. Bxf6 Qxf6 12. Qxf6 gxf6 13. cxd5 exd5 14. e3 Re8 15. Kf2 Nd7 16. Bb5 Re7 17. Bxd7 Rxd7 18. Ne2 Rb8 19. Rd2 Bc6 20. Rc1 c4 21. Nc3 Kf8 22. Rcc2 Rb3 23. e4 d4 24. Nd5 Bxd5 25. exd5 c3 26. bxc3 dxc3 27. Rd3 Rxa3 28. d6 Ra6 29. Rcxc3 Raxd6 30. Rxd6 Rxd6 31. Rc8+ Kg7 32. h4 a5 33. Ra8 Rd2+ 34. Kg3 Ra2 35. Ra7 h5 36. Ra8 a4 37. Ra5 Kg6 38. Ra8 a3 39. Rg8+ Kf5 40. Rh8 Kg6 41. Rg8+ Kh7 42. Ra8 Ra1 43. Kf4 Ra2 44. g3 Kg7 45. Kf5 Ra1 46. Ra7 a2 47. Kf4 Kg6 48. Ra6 Kg7 49. Ra8 Kh7 50. Ra5 Kg8 51. Ra8+ Kg7 52. Ra5 Kf8 53. Kf5 Rf1 54. Rxa2 Rxf3+ 55. Ke4 Rxg3 56. Kf5 Rg4 57. Kxf6 Rf4+ 58. Kg5 Rd4 59. Kf6 Rd6+ 60. Kg5 Rd5+ 61. Kf6 Rd6+ 62. Kg5 Rd5+ 63. Kh6 Rd6+ 64. Kxh5 Kg7 65. Rg2+ Rg6 66. Ra2 Rh6+ 67. Kg5 Rg6+ 68. Kf5 Rf6+ 69. Kg4 Rg6+ 70. Kh3 Rf6 71. Rg2+ Rg6 72. Rd2 Rf6 73. h5 Rf5 74. Kg4 Re5 75. Rd6 f6 76. Ra6 Re4+ 77. Kf5 Re5+ 78. Kg4 Re4+ 79. Kg3 Re5 80. Kg4 1/2-1/2


[Site "https://www.chess.com"]

[Event "Titled Tuesday Blitz August 02 Early 2022"]
[White "Piesik, Piotr"]
[Black "Aditya Mittal"]
[WhiteFideId "1136194"]
[BlackFideId "35042025"]
[WhiteElo "2242"]
[BlackElo "2303"]
[Result "1-0"]
[Round "09"]
[TimeControl "180+1"]
[Date "2022.08.02"]
[WhiteClock "0:00:02"]
[BlackClock "0:00:07"]

1. Nf3 d5 2. g3 Nf6 3. Bg2 g6 4. O-O Bg7 5. d4 c6 6. c4 dxc4 7. a4 Ne4 8. Qc2 Nd6 9. e4 Na6 10. Bd2 O-O 11. Na3 Bg4 12. Bc3 Nc7 13. Ne5 Be6 14. Qe2 f5 15. Naxc4 Nxc4 16. Nxc4 fxe4 17. Bxe4 Bd5 18. Rfe1 Qd7 19. Rad1 Rae8 20. Bb4 Kh8 21. Qd3 Qh3 22. Ne3 Bxe4 23. Qxe4 Rf7 24. b3 Ref8 25. Re2 Qd7 26. d5 cxd5 27. Nxd5 Nxd5 28. Qxd5 Qg4 29. Re4 Qf3 30. Rd2 Rf5 31. Qxb7 Re5 32. Rde2 Rd8 33. Be1 Rxe4 34. Qxe4 Qxb3 35. Qxe7 Qd1 36. Kg2 Qd5+ 37. Qe4 Bf6 38. Bb4 Kg7 39. Be7 Rd7 40. Bxf6+ Kxf6 41. Re3 Qxe4+ 42. Rxe4 Rd2 43. h4 Ra2 44. Kf3 Ra3+ 45. Kf4 a5 46. f3 Rb3 47. Rd4 Ra3 48. g4 Ra2 49. Re4 Ra3 50. g5+ Kf7 51. Kg4 Ra2 52. Rd4 Ke6 53. Re4+ Kf7 54. Rc4 Ke6 55. Rc7 Rxa4+ 56. Kg3 Ra1 57. Rxh7 a4 58. Rg7 Kf5 59. Rf7+ Ke5 60. Rf6 Rg1+ 61. Kf2 Rh1 62. Rxg6 Rxh4 63. Kg3 Rh1 64. Ra6 Rg1+ 65. Kh4 Rh1+ 66. Kg4 Rg1+ 67. Kh5 Rh1+ 68. Kg6 Ra1 69. Ra5+ Kf4 70. Kf6 Kxf3 71. g6 a3 72. g7 Rg1 73. Rxa3+ Ke4 74. Ra5 Rf1+ 75. Ke7 Rg1 76. Kf7 Kf4 77. Ra6 Ke5 78. Rf6 Rf1 79. Rxf1 1-0


[Site "https://www.chess.com"]

[Event "Titled Tuesday Blitz August 02 Early 2022"]
[White "Pinheiro, Iung Alicio de O."]
[Black "Malyi, Viacheslav"]
[WhiteFideId "2104350"]
[BlackFideId "14123983"]
[WhiteElo "2283"]
[BlackElo "2210"]
[Result "1-0"]
[Round "09"]
[TimeControl "180+1"]
[Date "2022.08.02"]
[WhiteClock "0:00:06"]
[BlackClock "0:00:02"]

1. d4 d5 2. Bf4 Nf6 3. e3 e6 4. Nd2 c5 5. c3 Bd6 6. Bg3 Nc6 7. Ngf3 O-O 8. Bd3 b6 9. Qe2 Bb7 10. Rd1 Ne7 11. e4 dxe4 12. Nxe4 Bxe4 13. Bxe4 Nxe4 14. Qxe4 Bxg3 15. hxg3 Ng6 16. dxc5 Qc7 17. cxb6 Qxb6 18. Qe2 Rab8 19. Rd2 a5 20. O-O a4 21. Rfd1 h6 22. Ne5 Nxe5 23. Qxe5 Rfc8 24. a3 Rc5 25. Qe4 Rb5 26. Rd6 Qc7 27. Rd7 Qb6 28. Qf4 Rf8 29. R1d6 Qc5 30. Rd2 Qb6 31. R7d6 Qb8 32. Qxa4 Rxb2 33. Qd4 Rb1+ 34. Kh2 Qb5 35. g4 Qf1 36. Kg3 Rb3 37. Rd8 Rb8 38. Rxf8+ Rxf8 39. a4 Qa1 40. Qb4 Rc8 41. Rd3 Qe1 42. Rf3 Qe5+ 43. Qf4 Qd5 44. Qxf7+ Kh8 45. Qf4 e5 46. Qf5 Qd6 47. Qxc8+ Kh7 48. Qf5+ 1-0


[Site "https://www.chess.com"]

[Event "Titled Tuesday Blitz August 02 Early 2022"]
[White "Ramirez Vido, Robert Yorisan"]
[Black "Koelle, Tobias"]
[WhiteFideId "3513823"]
[BlackFideId "16207378"]
[WhiteElo "2448"]
[BlackElo "2541"]
[Result "0-1"]
[Round "09"]
[TimeControl "180+1"]
[Date "2022.08.02"]
[WhiteClock "0:00:01"]
[BlackClock "0:00:04"]

1. Nf3 g6 2. g3 Bg7 3. Bg2 e5 4. O-O d5 5. d3 Nc6 6. e4 Nge7 7. Nc3 d4 8. Ne2 O-O 9. Ne1 Be6 10. h3 Qd7 11. Kh2 Nb4 12. a3 Na6 13. f4 c5 14. Nf3 f6 15. g4 h6 16. f5 gxf5 17. gxf5 Bf7 18. Rg1 Kh7 19. Nh4 Rg8 20. Ng3 c4 21. Bf3 cxd3 22. cxd3 Nc5 23. Bh5 Qe8 24. b4 Nb3 25. Rb1 Nxc1 26. Rxc1 Bh8 27. Rc7 Rc8 28. Rxb7 Rg5 29. Bg6+ Kg8 30. Nh5 Rc3 31. Bxf7+ Qxf7 32. Rxg5+ hxg5 33. Ng6 Qa2+ 34. Kh1 Rc2 35. Nxe7+ Kf8 36. Qg1 Qb2 37. Ng6+ Ke8 38. Nxh8 Kd8 39. Nxf6 Kc8 40. Rxa7 Rc1 41. Nf7 Rxg1+ 42. Kxg1 Qc1+ 43. Kg2 Qd2+ 44. Kg3 Qf4+ 45. Kg2 Kb8 46. Rd7 Qd2+ 47. Kg3 Qf4+ 48. Kg2 Qe3 49. Nd6 Qxd3 50. Rb7+ Ka8 51. Nd5 Qd2+ 52. Kg3 Qe1+ 53. Kg4 Qh4+ 54. Kf3 Qxh3+ 55. Ke2 Qg2+ 56. Kd3 Qf1+ 57. Kc2 Qe2+ 58. Kb3 Qd3+ 59. Ka4 Qa6+ 60. Kb3 Qxd6 61. Rb5 Qc6 62. Ra5+ Kb7 63. Rc5 Qh6 64. Rc7+ Kb8 65. f6 Qh3+ 66. Ka4 Qf3 67. f7 d3 68. Re7 d2 69. Re8+ Kb7 70. Re7+ Kc6 71. Rc7+ Kd6 72. f8=Q+ Qxf8 73. Nb6 d1=Q+ 0-1


[Site "https://www.chess.com"]

[Event "Titled Tuesday Blitz August 02 Early 2022"]
[White "Salem, A.R. Saleh"]
[Black "Martinez Alcantara, Jose Eduardo"]
[WhiteFideId "9301348"]
[BlackFideId "3805662"]
[WhiteElo "2679"]
[BlackElo "2703"]
[Result "0-1"]
[Round "09"]
[TimeControl "180+1"]
[Date "2022.08.02"]
[WhiteClock "0:00:15"]
[BlackClock "0:00:06"]

1. d4 Nf6 2. c4 e6 3. Nf3 d5 4. Nc3 a6 5. e3 Nbd7 6. b3 b6 7. Bd3 Bb7 8. O-O Be7 9. cxd5 exd5 10. Ne5 O-O 11. Bb2 Re8 12. Rc1 Bf8 13. f4 c5 14. Qf3 b5 15. Qh3 g6 16. dxc5 Nxc5 17. Bb1 Rc8 18. Rcd1 Bg7 19. b4 Ncd7 20. Ne2 Qe7 21. Ng3 Qxb4 22. Bd4 Qe7 23. Nf5 gxf5 24. Bxf5 Nf8 25. Rf3 Ne4 26. Bxe4 dxe4 27. Rg3 Ng6 28. Ng4 Bxd4 29. exd4 Kh8 30. Nh6 e3 31. Nf5 e2 32. Re1 Rc1 33. Nxe7 Rxe1+ 34. Kf2 Rf1+ 35. Kxe2 Nxf4+ 36. Kxf1 Nxh3 37. Nf5 Nf4 38. Nd6 Re7 39. Nf5 Rd7 40. Nh6 Ng6 41. h4 Kg7 42. Ng4 h5 43. Ne3 Kf8 44. Nf5 Rd5 45. Nh6 Rxd4 46. Rc3 Rd7 47. Nf5 Be4 48. Ng3 Bd5 49. Nxh5 Bxa2 50. Nf6 Rd6 51. Rc8+ Ke7 52. Ng8+ Kd7 53. Ra8 Nxh4 54. Ra7+ Kd8 55. Ra8+ Kc7 56. Ne7 Kb7 57. Rh8 Ng6 58. Re8 Nxe7 59. Rxe7+ Kb6 0-1


[Site "https://www.chess.com"]

[Event "Titled Tuesday Blitz August 02 Early 2022"]
[White "Srihari L R"]
[Black "Makarian, Rudik"]
[WhiteFideId "46617116"]
[BlackFideId "44105681"]
[WhiteElo "2170"]
[BlackElo "2403"]
[Result "1/2-1/2"]
[Round "09"]
[TimeControl "180+1"]
[Date "2022.08.02"]
[WhiteClock "0:00:04"]
[BlackClock "0:00:03"]

1. d4 Nf6 2. Bg5 g6 3. Nc3 Bg7 4. e4 d6 5. Be2 a6 6. a4 Nc6 7. h3 O-O 8. Nf3 h6 9. Be3 e5 10. O-O exd4 11. Nxd4 Re8 12. Nxc6 bxc6 13. Bf3 Rb8 14. Rb1 Kh7 15. Re1 Nd7 16. Qd2 c5 17. b3 Bb7 18. Nd5 Bxd5 19. exd5 Qh4 20. Be2 Ra8 21. Bf1 Nf6 22. f3 Qb4 23. c3 Qb7 24. Bc4 Nd7 25. b4 cxb4 26. Rxb4 Qc8 27. a5 Nc5 28. Bf1 h5 29. Rf4 Qd7 30. Rb4 Qf5 31. Bf2 Rxe1 32. Qxe1 Qxd5 33. Rf4 Rf8 34. Bc4 Qe5 35. Qxe5 Bxe5 36. Rxf7+ Rxf7 37. Bxf7 Nb7 38. Bc4 Nxa5 39. Bxa6 Bxc3 40. f4 Nc6 41. Bd3 Bd4 42. f5 gxf5 43. Bxf5+ Kg7 44. Be4 Bxf2+ 45. Kxf2 Ne7 46. g3 c5 47. Bf3 Kg6 48. Be4+ Kf6 49. Bf3 h4 50. gxh4 Nf5 51. h5 Ke5 52. Ke1 d5 53. Kd2 Kd4 54. Bg4 Nh6 55. Be6 c4 56. Kc2 Kc5 57. Kd2 d4 58. Kc2 Kb4 59. h4 Kc5 60. Kd2 Kb5 61. Kc2 Kb4 62. Bd7 d3+ 63. Kd2 Kb3 64. Be6 Kb4 65. Bd7 Ng8 66. Be6 Nh6 67. Bd7 1/2-1/2


[Site "https://www.chess.com"]

[Event "Titled Tuesday Blitz August 02 Early 2022"]
[White "Subaste, Arman"]
[Black "Kevlishvili, Robby"]
[WhiteFideId "5221080"]
[BlackFideId "1040634"]
[WhiteElo "1856"]
[BlackElo "2577"]
[Result "1-0"]
[Round "09"]
[TimeControl "180+1"]
[Date "2022.08.02"]
[WhiteClock "0:00:05"]
[BlackClock "0:00:01"]

1. e4 c5 2. Nf3 d6 3. c3 Nf6 4. Bd3 Nc6 5. O-O Bg4 6. h3 Bxf3 7. Qxf3 e6 8. Bc2 Be7 9. d3 O-O 10. Nd2 d5 11. exd5 Qxd5 12. Ne4 Rfd8 13. Bf4 Ne5 14. Nxf6+ Bxf6 15. Qxd5 Rxd5 16. Rad1 Rad8 17. Bxe5 Bxe5 18. f4 Bf6 19. Kf2 h5 20. g4 hxg4 21. hxg4 g5 22. fxg5 Bxg5 23. Kf3 Kg7 24. Rh1 b5 25. Rh5 Bf6 26. Rdh1 Kf8 27. Rxd5 exd5 28. Rh5 Ke7 29. Bb3 c4 30. Bc2 a6 31. d4 b4 32. Ba4 bxc3 33. bxc3 Rd6 34. g5 Bg7 35. Rh7 Kf8 36. Rh2 Rb6 37. Kf4 Rb1 38. Bc6 Rf1+ 39. Kg4 Rg1+ 40. Kh5 f6 41. g6 Ke7 42. Re2+ Kd6 43. Be8 f5 44. Bf7 f4 45. Rf2 Rh1+ 46. Kg5 Bh6+ 47. Kf6 Rg1 48. Rh2 Bf8 49. Kf5 f3 50. Rf2 Rg2 51. Rxf3 Rxa2 52. Rg3 Rf2+ 53. Kg4 a5 54. Rh3 a4 55. Rh8 Ke7 56. Bxd5 a3 57. Bxc4 a2 58. Rh7+ Kf6 59. Ra7 Kxg6 60. Rxa2 Rxa2 61. Bxa2 Kf6 62. Kf4 Ba3 63. Ke4 1-0


[Site "https://www.chess.com"]

[Event "Titled Tuesday Blitz August 02 Early 2022"]
[White "Vakhlamov, Igor L."]
[Black "Aggelis, Nikolaos"]
[WhiteFideId "24126748"]
[BlackFideId "4213220"]
[WhiteElo "2401"]
[BlackElo "2154"]
[Result "1-0"]
[Round "09"]
[TimeControl "180+1"]
[Date "2022.08.02"]
[WhiteClock "0:00:16"]
[BlackClock "0:00:02"]

1. e4 c5 2. Nf3 d6 3. Nc3 Nf6 4. d4 cxd4 5. Qxd4 e5 6. Bb5+ Nbd7 7. Qd3 h6 8. Be3 a6 9. Bc4 b5 10. Bd5 Rb8 11. Ba7 Nxd5 12. Nxd5 Nc5 13. Bxc5 dxc5 14. Nxe5 Be6 15. Nc6 Qc8 16. Nxb8 Qxb8 17. Rd1 c4 18. Qd4 Bd6 19. Qxg7 Be5 20. Nf6+ Ke7 21. f4 Bxf6 22. Qg3 Rg8 23. Qf2 Bg4 24. e5 Bxe5 25. fxe5 Qxe5+ 26. Kd2 Rd8+ 27. Kc1 Rxd1+ 28. Rxd1 Bxd1 29. Kxd1 Qd6+ 30. Ke1 Qxh2 31. Qa7+ Kf8 32. Qxa6 Qg1+ 33. Kd2 Qxg2+ 34. Kc3 h5 35. Qh6+ Ke7 36. Qxh5 Qg3+ 37. Kb4 Qf2 38. Qe5+ Kf8 39. Qh8+ Ke7 40. Qe5+ Kf8 41. Kxb5 Qxc2 42. Qh8+ Ke7 43. Qe5+ Kf8 44. Qc3 Qd3 45. a4 f5 46. a5 f4 47. Qf6+ Ke8 48. Qe5+ Kd7 49. Qxf4 Qc3 50. bxc3 1-0


[Site "https://www.chess.com"]

[Event "Titled Tuesday Blitz August 02 Early 2022"]
[White "Vasquez Schroeder, Rodrigo"]
[Black "Bortnyk, Olexandr"]
[WhiteFideId "3400042"]
[BlackFideId "14120828"]
[WhiteElo "2567"]
[BlackElo "2723"]
[Result "1-0"]
[Round "09"]
[TimeControl "180+1"]
[Date "2022.08.02"]
[WhiteClock "0:00:13"]
[BlackClock "0:00:03"]

1. d4 d6 2. e4 Nf6 3. Nc3 Nbd7 4. Nf3 e5 5. Bc4 Be7 6. O-O c6 7. a4 h6 8. Re1 Qc7 9. a5 Nf8 10. b4 Ng6 11. h3 O-O 12. Bf1 exd4 13. Qxd4 d5 14. exd5 Nxd5 15. Nxd5 cxd5 16. Qd2 Bf6 17. Ra3 Be6 18. Bd3 Ne7 19. Qf4 Rfc8 20. Bd2 Qxf4 21. Bxf4 Bb2 22. Rb3 Bc3 23. Bd2 d4 24. Ra3 Nd5 25. Bxc3 dxc3 26. b5 Rc5 27. Nd4 Bd7 28. Re5 Rac8 29. Bf5 Bxf5 30. Nxf5 Kf8 31. Nd6 Nb4 32. Nxc8 Rxe5 33. Rxc3 a6 34. Nd6 Rd5 35. Nxb7 Rxb5 36. Rc7 Nxc2 37. Nd6 Rb1+ 38. Kh2 Nd4 39. Rxf7+ Kg8 40. Ra7 Ra1 41. Rxa6 Kh7 42. Ra7 Nc6 43. Rc7 Nxa5 44. Ra7 Nb3 45. Rb7 Nc5 46. Re7 Ra6 47. Ne8 Ne6 48. f4 Nxf4 49. Rxg7+ Kh8 50. Rf7 Nd5 51. Rf5 Ne3 52. Rf7 Ra2 53. Nf6 Rxg2+ 54. Kh1 1-0


[Site "https://www.chess.com"]

[Event "Titled Tuesday Blitz August 02 Early 2022"]
[White "Volkov, Maksim"]
[Black "Kosteniuk, Alexandra"]
[WhiteFideId "54123070"]
[BlackFideId "4128125"]
[WhiteElo "2155"]
[BlackElo "2469"]
[Result "0-1"]
[Round "09"]
[TimeControl "180+1"]
[Date "2022.08.02"]
[WhiteClock "0:00:03"]
[BlackClock "0:00:08"]

1. d4 f5 2. c4 Nf6 3. Nf3 g6 4. Nc3 Bg7 5. b4 a5 6. b5 b6 7. e3 Bb7 8. Be2 e6 9. a4 d6 10. Qb3 Qe7 11. Ba3 Nbd7 12. O-O h6 13. Rfe1 g5 14. Nd2 e5 15. Rac1 g4 16. dxe5 Nxe5 17. Nd5 Nxd5 18. cxd5 Qf7 19. Qc2 Rc8 20. e4 f4 21. f3 h5 22. Nc4 Qg6 23. Nxe5 Bxe5 24. Bb2 Rh7 25. Bxe5 dxe5 26. Qc3 Re7 27. Red1 Rd8 28. Qe1 Rd6 29. Qh4 Bc8 30. Rc3 gxf3 31. Bxf3 Bg4 32. Rdc1 Bxf3 33. Rxf3 Qxe4 34. Qxh5+ Kd8 35. Qh8+ Re8 36. Qh4+ Kc8 37. Rfc3 Qd4+ 38. Kh1 Qxd5 39. Rxc7+ Kb8 40. Qh5 Rg8 41. Qe2 e4 42. Qg4 Rdd8 43. Qxf4 Qd1+ 44. Qf1 Qxf1+ 45. Rxf1 Kxc7 46. Rf7+ Rd7 47. Rf6 Rd1+ 0-1


[Site "https://www.chess.com"]

[Event "Titled Tuesday Blitz August 02 Early 2022"]
[White "Xu, Yi"]
[Black "Cruz, Jonathan"]
[WhiteFideId "8605564"]
[BlackFideId "3802124"]
[WhiteElo "2471"]
[BlackElo "2406"]
[Result "1-0"]
[Round "09"]
[TimeControl "180+1"]
[Date "2022.08.02"]
[WhiteClock "0:00:11"]
[BlackClock "0:00:05"]

1. e4 e5 2. Nf3 Nc6 3. Bc4 Be7 4. O-O Nf6 5. d3 O-O 6. Nc3 d6 7. a3 Be6 8. Re1 Qd7 9. h3 Rae8 10. Nd5 Bd8 11. c3 a6 12. Ba2 Bxd5 13. exd5 Ne7 14. d4 e4 15. Nd2 Nexd5 16. Bxd5 Nxd5 17. Rxe4 f5 18. Rxe8 Rxe8 19. Nf3 Qe6 20. Bd2 b5 21. Qb3 Nb6 22. Qxe6+ Rxe6 23. Kf1 Nc4 24. a4 Nxb2 25. axb5 axb5 26. Ra8 Re8 27. Bg5 Bxg5 28. Rxe8+ Kf7 29. Rc8 Be7 30. Rxc7 h6 31. Rb7 Na4 32. Rxb5 Nxc3 33. Rxf5+ Bf6 34. Ra5 Ke6 35. g4 Nd5 36. h4 g5 37. hxg5 hxg5 38. Ra1 Nf4 39. Ra5 Nd5 40. Ke1 Bd8 41. Rb5 Bf6 42. Kd2 Be7 43. Kc2 Bf6 44. Kb3 Nc7 45. Nxg5+ Kd7 46. Rf5 Bxd4 47. Kc4 Bb6 48. Rf7+ Kc6 49. Re7 d5+ 50. Kd3 Kd6 51. Re2 Na6 52. Re6+ Kc7 53. Rf6 Nc5+ 54. Ke2 Nd7 55. Ne6+ Kd6 56. Rh6 Ke5 57. Nf8 Nxf8 58. Rxb6 Nd7 59. Rc6 Kf4 60. Rd6 Ne5 61. f3 1-0


[Site "https://www.chess.com"]

[Event "Titled Tuesday Blitz August 02 Early 2022"]
[White "Zhigalko, Sergei"]
[Black "Harmon-Vellotti, Luke"]
[WhiteFideId "13502956"]
[BlackFideId "2030012"]
[WhiteElo "2662"]
[BlackElo "2354"]
[Result "0-1"]
[Round "09"]
[TimeControl "180+1"]
[Date "2022.08.02"]
[WhiteClock "0:00:06"]
[BlackClock "0:00:19"]

1. e4 e6 2. d4 d5 3. e5 c5 4. c3 Nc6 5. Nf3 Qb6 6. a3 c4 7. Nbd2 Na5 8. Be2 Bd7 9. O-O Ne7 10. h4 Qc7 11. h5 h6 12. Nh4 Nc8 13. f4 Nb6 14. f5 O-O-O 15. Bg4 exf5 16. Nxf5 Kb8 17. Qf3 Ka8 18. Rb1 Be6 19. Qh3 Qd7 20. Nf3 Be7 21. Nh2 Rdg8 22. Be3 Nc6 23. Rf2 Bd8 24. Rbf1 Nc8 25. Ng3 Qe8 26. Rxf7 Bxf7 27. Bxc8 Rf8 28. Bd7 Qe7 29. e6 Bg8 30. Nf5 Bxe6 31. Nxe7 Rxf1+ 32. Nxf1 Bxh3 33. Nxc6 Bxd7 34. Ne5 Be6 35. Ng6 Re8 36. Bf4 Bf7 37. Ne3 Bf6 38. Kf2 b6 39. Nf5 Re6 40. Kf3 Re1 41. Kf2 Rb1 42. Nd6 Rxb2+ 43. Kf3 Be6 44. Ne8 Bf7 45. Nxf6 gxf6 46. Bxh6 Rc2 47. Bd2 Rxd2 48. Nf4 Bxh5+ 49. Nxh5 Rd3+ 50. Kf4 Rxc3 51. Nxf6 Rxa3 52. Nxd5 Kb7 53. g4 c3 54. Ne3 Ra2 55. g5 c2 56. Nxc2 Rxc2 57. d5 Rg2 58. d6 Kc6 0-1


[Site "https://www.chess.com"]

[Event "Titled Tuesday Blitz August 02 Early 2022"]
[White "Zou, Chen"]
[Black "Weetik, Vjacheslav"]
[WhiteFideId "8610959"]
[BlackFideId "4153472"]
[WhiteElo "2276"]
[BlackElo "2469"]
[Result "1/2-1/2"]
[Round "09"]
[TimeControl "180+1"]
[Date "2022.08.02"]
[WhiteClock "0:00:09"]
[BlackClock "0:00:05"]

1. d4 Nf6 2. c4 g6 3. Nf3 Bg7 4. g3 c6 5. Bg2 d5 6. O-O O-O 7. b3 a5 8. Bb2 a4 9. Nbd2 Bf5 10. Nh4 Be6 11. e3 Qa5 12. Rc1 Na6 13. Qe2 axb3 14. axb3 Qb6 15. Bc3 Nc7 16. Ra1 Ra6 17. Rxa6 Nxa6 18. Ra1 c5 19. Nhf3 Ne4 20. Ba5 Qd6 21. Nxe4 dxe4 22. Ng5 cxd4 23. Nxe4 Qe5 24. exd4 Qxd4 25. Bc3 Qb6 26. Bxg7 Kxg7 27. Qb2+ Kg8 28. Rc1 Rd8 29. h4 Nc5 30. Nxc5 Qxc5 31. b4 Qc7 32. c5 Bd5 33. Rd1 Qc6 34. Rxd5 Rxd5 35. Qb3 e6 36. Bxd5 exd5 37. Qd3 Qa4 38. Qd4 Qb3 39. Kh2 h5 40. Qe5 Qf3 41. Qe8+ Kg7 42. Kg1 Qd1+ 43. Kg2 Qd4 44. Qd7 Qxb4 45. Qxd5 Qb5 46. Qe5+ Kg8 47. Qd4 Qc6+ 48. Kh2 Qe6 49. Qd8+ Kg7 50. Qd4+ Kg8 51. Qb2 Qc6 52. Qb4 Qf3 53. Qb2 Kf8 54. Qh8+ Ke7 55. Qe5+ Kd7 56. Qd6+ Kc8 57. Qf8+ Kd7 58. Qd6+ Kc8 59. Kg1 Qf5 60. Kf1 Qb1+ 61. Ke2 Qe4+ 62. Kd2 Qf3 63. Qf8+ Kd7 64. Qd6+ Kc8 65. Qf8+ Kd7 66. Qd6+ Kc8 1/2-1/2


[Site "https://www.chess.com"]

[Event "Titled Tuesday Blitz August 02 Early 2022"]
[White "Aaditya Dhingra"]
[Black "Bryakin, Mikhail"]
[WhiteFideId "25678191"]
[BlackFideId "4165314"]
[WhiteElo "1849"]
[BlackElo "2422"]
[Result "1/2-1/2"]
[Round "10"]
[TimeControl "180+1"]
[Date "2022.08.02"]
[WhiteClock "0:00:08"]
[BlackClock "0:00:14"]

1. e4 d5 2. exd5 Qxd5 3. Nc3 Qe5+ 4. Be2 Bg4 5. d4 Bxe2 6. Ngxe2 Qa5 7. O-O c6 8. Bd2 Nf6 9. a4 Nbd7 10. Nf4 Qf5 11. a5 a6 12. Re1 e6 13. Nce2 h6 14. Ng3 Qh7 15. c4 Be7 16. d5 cxd5 17. cxd5 e5 18. Nfh5 O-O 19. Nxf6+ Bxf6 20. Qg4 Rfd8 21. Nf5 h5 22. Qf3 Nc5 23. Bb4 e4 24. Qh3 Nd3 25. Rxe4 Nxb4 26. Rxb4 Rxd5 27. Ne3 Rb5 28. Rxb5 axb5 29. Qd7 Qe4 30. Qxb5 Rd8 31. Qxh5 Bxb2 32. Rf1 Be5 33. g3 Rd2 34. Qf5 Qxf5 35. Nxf5 Ra2 36. Rb1 g6 37. Ne3 Rxa5 38. Rxb7 Bd4 39. Re7 Ra2 40. Re4 Rd2 41. g4 Kg7 42. g5 Bb6 43. h4 Ra2 44. Kg2 Bc5 45. Kg3 Bd6+ 46. Kg2 Bc5 47. Ng4 Ra8 48. Rf4 Bd6 49. Rf3 Ra4 50. Kh3 Ra1 51. Nh6 f5 52. Kg2 Ra2 53. Rd3 Bc5 54. Rf3 Be7 55. Re3 Bc5 56. Rf3 Be7 57. Rc3 Ra7 58. Rc8 Rd7 59. Rg8+ Kh7 60. Re8 Bc5 61. Re2 Ra7 62. h5 gxh5 63. Nxf5 Kg6 64. Re5 Bxf2 65. Kxf2 Kxg5 66. Ng3+ Kg4 67. Re4+ Kg5 68. Kg2 Ra3 69. Kh3 Ra5 70. Re3 Rb5 71. Rd3 Ra5 72. Rd8 h4 73. Rg8+ Kf4 74. Kxh4 Ra7 75. Rg4+ Kf3 76. Nh5 Ra1 77. Rf4+ Ke3 78. Rf6 Rh1+ 79. Kg4 Ra1 80. Ng3 Kd4 81. Rf4+ Ke5 82. Re4+ Kd5 83. Kf4 Ra8 84. Nf5 Ra1 85. Rd4+ Kc5 86. Ke4 Re1+ 87. Ne3 Rh1 88. Rd5+ Kb4 89. Kd3 Rh3 90. Rd4+ Kb5 91. Re4 Rg3 92. Kc3 Rh3 93. Re5+ Kc6 94. Kd4 Rh4+ 95. Kd3 Rh3 96. Kc3 Rg3 97. Kb4 Rh3 98. Nc4 Rh1 99. Re6+ Kd7 100. Re5 Rc1 101. Kc5 Ra1 102. Rh5 Ke6 103. Re5+ Kf6 104. Re2 Rc1 105. Kd4 Rd1+ 106. Ke4 Rc1 107. Ne3 Ra1 108. Rf2+ Ke6 109. Re2 Rh1 110. Rf2 Ra1 111. Re2 Rh1 112. Rf2 Ra1 1/2-1/2


[Site "https://www.chess.com"]

[Event "Titled Tuesday Blitz August 02 Early 2022"]
[White "Abdrlauf, Elham"]
[Black "Subaste, Arman"]
[WhiteFideId "1533533"]
[BlackFideId "5221080"]
[WhiteElo "2429"]
[BlackElo "1856"]
[Result "1-0"]
[Round "10"]
[TimeControl "180+1"]
[Date "2022.08.02"]
[WhiteClock "0:00:02"]
[BlackClock "0:00:05"]

1. e4 d5 2. exd5 Qxd5 3. Nf3 Nf6 4. Be2 Bf5 5. O-O e6 6. d4 Be7 7. c4 Qd8 8. Nc3 O-O 9. Be3 Nbd7 10. Qb3 b6 11. Rad1 c6 12. h3 Bg6 13. Rd2 Qc7 14. Rc1 Rfd8 15. d5 exd5 16. cxd5 Bc5 17. d6 Qb7 18. Bxc5 Nxc5 19. Qa3 a5 20. Ne5 Be4 21. Rcd1 Bd5 22. Nxd5 cxd5 23. Bf3 Rxd6 24. Nc4 Rd7 25. Ne3 Rad8 26. b4 axb4 27. Qxb4 Nce4 28. Rd4 Qa6 29. Bxe4 dxe4 30. Rxd7 Rxd7 31. Rxd7 Nxd7 32. Qd6 Qd3 33. Nd5 Qd1+ 34. Kh2 Qa4 35. Ne7+ Kh8 36. Nc6 h6 37. Qxd7 Qxa2 38. Qe8+ Kh7 39. Ne7 f6 40. Qg6+ Kh8 41. Qxe4 Qxf2 42. Qa8+ Kh7 43. Qg8# 1-0


[Site "https://www.chess.com"]

[Event "Titled Tuesday Blitz August 02 Early 2022"]
[White "Agasarov, Benik"]
[Black "Chen, Justin"]
[WhiteFideId "13314823"]
[BlackFideId "2098199"]
[WhiteElo "2734"]
[BlackElo "2289"]
[Result "1-0"]
[Round "10"]
[TimeControl "180+1"]
[Date "2022.08.02"]
[WhiteClock "0:01:24"]
[BlackClock "0:00:02"]

1. e4 e5 2. Nf3 Nc6 3. Bb5 f5 4. d3 fxe4 5. dxe4 Nf6 6. O-O d6 7. Bc4 Na5 8. Bd3 Be7 9. b4 Nc6 10. b5 Nb8 11. Bc4 c6 12. Nc3 Rf8 13. a4 Nbd7 14. Ng5 Nc5 15. Nxh7 Nxh7 16. Qh5+ Kd7 17. Qxh7 Bf6 18. Be3 Rh8 19. Qg6 Ne6 20. Qf7+ 1-0


[Site "https://www.chess.com"]

[Event "Titled Tuesday Blitz August 02 Early 2022"]
[White "Ajay, Karthikeyan"]
[Black "Vakhlamov, Igor L."]
[WhiteFideId "35011685"]
[BlackFideId "24126748"]
[WhiteElo "2183"]
[BlackElo "2401"]
[Result "1-0"]
[Round "10"]
[TimeControl "180+1"]
[Date "2022.08.02"]
[WhiteClock "0:00:34"]
[BlackClock "0:00:34"]

1. e4 c5 2. Nf3 Nc6 3. Bb5 Nf6 4. e5 Nd5 5. O-O Nc7 6. Bxc6 dxc6 7. h3 Bf5 8. d3 e6 9. Bg5 Qd7 10. Nbd2 h6 11. Bh4 g5 12. Bg3 Be7 13. Re1 O-O-O 14. Nc4 Ne8 15. Nfd2 h5 16. Ne4 Kb8 17. Nf6 Qc7 18. Nxh5 b5 19. Ne3 Bg6 20. Nf6 Nxf6 21. exf6 Bd6 22. Bxd6 Qxd6 23. Qg4 Bh5 24. Qg3 Rh6 25. Qxd6+ Rxd6 26. Nf1 Rxf6 27. Ng3 Bg6 28. Re5 Rd5 29. Rae1 Kc7 30. Rxd5 cxd5 31. Re5 c4 32. dxc4 bxc4 33. c3 Bf5 34. Nxf5 Rxf5 35. Rxf5 exf5 36. f4 gxf4 37. Kf2 Kd6 38. Kf3 Ke5 39. h4 a5 40. a4 d4 41. cxd4+ Kxd4 42. Kxf4 Kd3 43. h5 Kc2 44. h6 Kxb2 45. h7 c3 46. h8=Q Kb3 47. Kxf5 c2 48. Qa1 f6 49. Kxf6 Kb4 50. Qb2+ Kxa4 51. Qxc2+ Ka3 52. Qb1 a4 53. Qb5 Ka2 54. Qxa4+ Kb2 55. Qc4 Ka3 56. Qb5 Ka2 57. Qb4 Ka1 58. Ke5 Ka2 59. Kd4 Ka1 60. Kc3 Ka2 61. Qb2# 1-0


[Site "https://www.chess.com"]